 Dungeon Crawl Stone Soup version 0.20.1-1-g8b1a95d (webtiles) character file.

1437 Gargoyl the Covered (level 8, -1/71 HPs)
             Began as a Minotaur Abyssal Knight on Oct 5, 2017.
             Was a Believer of Lugonu.
             Slain by a killer bee zombie (5 damage)
             ... on level 5 of the Dungeon.
             The game lasted 00:08:27 (4936 turns).

Gargoyl the Covered (Minotaur Abyssal Knight)       Turns: 4936, Time: 00:08:28

Health: -1/71      AC:  9    Str: 19    XL:     8   Next: 45%
Magic:  11/11      EV: 11    Int:  9    God:    Lugonu [**....]
Gold:   283        SH:  0    Dex: 18    Spells: 7/7 levels left

rFire    . . .     SeeInvis .   q - +0 war axe
rCold    . . .     Gourm    .   (no shield)
rNeg     . . .     Faith    .   d - +0 scale mail
rPois    +         Spirit   .   (helmet restricted)
rElec    +         Reflect  .   (no cloak)
rCorr    .         Harm     .   (no gloves)
MR       .....                  f - +1 pair of boots
Stlth    ..........             j - amulet of magic regeneration
Regen    0.3/turn               i - ring "Feggom" {rElec rPois EV+1 Dex+4}
MPRegen  0.2/turn               (no ring)

@: heavily drained
A: retaliatory headbutt, horns 2, agile 1, high mp 1, strong 1
a: Depart the Abyss, Bend Space, Renounce Religion


You were on level 5 of the Dungeon.
You worshipped Lugonu.
Lugonu was pleased with you.
You were hungry.

You visited 1 branch of the dungeon, and saw 6 of its levels.
You visited the Abyss 1 time.

You collected 283 gold pieces.

Inventory:

Hand Weapons
 a - a +2 hand axe
 q - a +0 war axe (weapon)
Armour
 d - a +0 scale mail (worn)
 f - a +1 pair of boots (worn)
Jewellery
 i - the ring "Feggom" (left hand) {rElec rPois EV+1 Dex+4}
   (You found it on level 4 of the Dungeon)

   [ring of evasion]

   It affects your evasion (+1).
   It affects your dexterity (+4).
   It insulates you from electricity.
   It protects you from poison.
 j - an amulet of magic regeneration (around neck)
Wands
 s - a wand of iceblast (9/15)
Scrolls
 b - a scroll of blinking
 k - 2 scrolls of teleportation
 l - 2 scrolls of remove curse
 o - a scroll of amnesia
 p - 2 scrolls of identify
Potions
 e - a potion of curing
 m - 2 potions of magic {unknown}
 r - a potion of heal wounds {unknown}
Comestibles
 c - 5 bread rations
 g - 2 fruits
 h - 2 meat rations
 n - 2 royal jellies


   Skills:
 + Level 6.6(4.9) Fighting
 + Level 6.2(4.5) Axes
 * Level 7.8(6.1) Armour
 + Level 3.1(1.6) Dodging
 * Level 4.5(2.9) Invocations


You had 7 spell levels left.
You didn't know any spells.

Dungeon Overview and Level Annotations

Branches:
Dungeon (6/15)             Temple (0/1) D:5

Altars:
Fedhas
Makhleb
Okawaru
Xom
Yredelemnul
Zin
The Shining One


Innate Abilities, Weirdness & Mutations

You reflexively headbutt those who attack you in melee.
You have a pair of horns on your head.
You are agile. (Dex +2)
You have an increased reservoir of magic. (+10% MP)
Your muscles are strong. (Str +2)


Message History

* * * LOW HITPOINT WARNING * * *
The wight hits you but does no damage. The wight barely misses you.
You furiously retaliate!
You headbutt the wight!
Items here: )) [[ an enchanted dire flail; a robe; a battleaxe; a robe You feel better.
The wight hits you but does no damage. The wight closely misses you.
The wight hits you with a spear.
* * * LOW HITPOINT WARNING * * *
You feel drained. The wight misses you.
The wight hits you with an enchanted great sword!
* * * LOW HITPOINT WARNING * * *
The wight misses you.
There is a stone staircase leading up here.
The wight closely misses you. You furiously retaliate!
You headbutt the wight! The wight hits you but does no damage.
You climb upwards.
A killer bee zombie comes into view.
The killer bee zombie hits you.
You die...

.................# #.............
.................# #.............
..............##.# #.............
..........###..#.# #.............
......########.#.###...........##
......###......................#
........())....................#
......#....8..#.Z..............#
........)......z@.....[...(.(..##
.......8.<....###................
##'###........# ###....#####.####
#.# ##....8### #....+.........
#.# ##...## #....#####.#### ##.#
##### #....# #.#.# ...# #....#
#.#.# #### #....# #.#.# #....#
#.#.####


You could see a wight and a killer bee zombie.

Vanquished Creatures
  The ghost of Phantomfrettchen the Sneak, a novice OpTm (D:4)
  Edmund (D:4)
  Menkaure (D:4)
  Duvessa (D:4)
  A sky beast (D:5)
  An ogre (D:5)
  Dowan (D:4)
  2 wights (D:6)
  A quasit (Abyss:2)
  3 hounds
  2 orc priests (D:3)
  A centaur skeleton (D:5)
  Ijyb (D:5)
  Natasha (thrice) (D:2)
  A hound zombie (D:5)
  6 adders
  8 gnolls
  2 oozes
  2 worms
  An adder skeleton (D:4)
  A dart slug (D:2)
  3 leopard geckos
  12 orcs
  8 giant cockroaches
  9 goblins
  4 hobgoblins
  3 quokkas
  3 ball pythons
  10 bats
  3 frilled lizards
  4 kobolds
  11 rats
111 creatures vanquished.

Vanquished Creatures (others)
  An ogre (D:5)
1 creature vanquished.

Grand Total: 112 creatures vanquished

Notes
Turn   | Place    | Note
-------+----------+-------------------------------------------
     0 | Abyss:1  | Gargoyl the Minotaur Abyssal Knight began the quest for the Orb.
     0 | Abyss:1  | Reached XP level 1. HP: 19/19 MP: 1/1
    85 | Abyss:2  | Noticed an orange demon
   100 | Abyss:2  | Found an iron altar of Okawaru.
   101 | Abyss:2  | Noticed an orange demon
   108 | Abyss:2  | Noticed a deep elf mage
   110 | Abyss:2  | Found a corrupted altar of Lugonu.
   205 | Abyss:2  | Noticed a quasit
   211 | Abyss:2  | Found a corrupted altar of Lugonu.
   230 | Abyss:2  | Killed a quasit
   230 | Abyss:2  | Reached XP level 2. HP: 27/28 MP: 2/2
   230 | Abyss:2  | Reached XP level 3. HP: 33/34 MP: 3/3
   245 | Abyss:2  | Noticed a ynoxinul
   245 | D:1      | Escaped the Abyss
   293 | D:1      | Reached * piety under Lugonu
   970 | D:2      | Noticed Natasha
   976 | D:2      | Killed Natasha
   976 | D:2      | Reached skill level 5 in Fighting
   976 | D:2      | Reached skill level 3 in Armour
   976 | D:2      | Reached XP level 4. HP: 42/42 MP: 4/4
  1103 | D:2      | Found an iron altar of Okawaru.
  1528 | D:2      | Noticed Natasha
  1533 | D:2      | Killed Natasha
  1533 | D:2      | Reached XP level 5. HP: 48/48 MP: 5/5
  1637 | D:2      | Noticed Natasha
  1648 | D:2      | Killed Natasha
  2035 | D:3      | Reached ** piety under Lugonu
  2346 | D:3      | Reached skill level 4 in Armour
  2562 | D:3      | Reached XP level 6. HP: 23/56 MP: 7/7
  3134 | D:4      | Noticed Edmund
  3147 | D:4      | Killed Edmund
  3178 | D:4      | Reached skill level 5 in Armour
  3180 | D:4      | Found a basalt altar of Yredelemnul.
  3298 | D:4      | Got a translucent golden ring
  3310 | D:4      | Found a blossoming altar of Fedhas.
  3330 | D:4      | Noticed Phantomfrettchen's ghost (novice OpTm)
  3345 | D:4      | Killed Phantomfrettchen's ghost
  3345 | D:4      | Reached skill level 5 in Axes
  3345 | D:4      | Reached XP level 7. HP: 52/63 MP: 8/8
  3463 | D:4      | Noticed Menkaure
  3473 | D:4      | Killed Menkaure
  3473 | D:4      | Reached skill level 6 in Armour
  3726 | D:4      | Identified the ring "Feggom" {rElec rPois EV+1 Dex+4} (You found it on level 4 of the Dungeon)
  3739 | D:4      | Noticed Dowan
  3742 | D:4      | Noticed Duvessa
  3748 | D:4      | Killed Dowan
  3754 | D:4      | Killed Duvessa
  3754 | D:4      | Reached skill level 7 in Armour
  3754 | D:4      | Reached XP level 8. HP: 37/70 MP: 9/9
  4011 | D:5      | Entered Level 5 of the Dungeon
  4189 | D:5      | Found a staircase to the Ecumenical Temple.
  4334 | D:5      | Found a glowing golden altar of the Shining One.
  4487 | D:5      | Found a burning altar of Makhleb.
  4511 | D:5      | Noticed an angel
  4515 | D:5      | Found a glowing silver altar of Zin.
  4517 | D:5      | Found a shimmering altar of Xom.
  4604 | D:5      | Noticed Ijyb
  4613 | D:5      | Killed Ijyb
  4785 | D:5      | Gained mutation: You have an increased reservoir of magic. (+10% MP) [mutagenic meat]
  4786 | D:5      | Gained mutation: You are agile. (Dex +2) [mutagenic meat]
  4787 | D:5      | Gained mutation: Your muscles are strong. (Str +2) [mutagenic meat]
  4932 | D:6      | HP: 3/71 [wight/enchanted great sword (13)]
  4936 | D:5      | Slain by a killer bee zombie

Skill      XL: |  1  2  3  4  5  6  7  8 |
---------------+-------------------------+-----
Fighting       | 4 5 6 |  6.6
Axes           | 3 5 6 |  6.2
Armour         | 3 4 5 7 |  7.8
Invocations    | 2 3 4 |  4.5
Dodging        | 2 3 |  3.1

Action                   |  1- 3 |  4- 6 |  7- 9 || total
-------------------------+-------+-------+-------++-------
Melee: Hand axe          |    53 |   136 |    22 ||   211
       Headbutt          |     9 |    17 |    19 ||    45
       Spear             |       |     6 |       ||     6
       War axe           |       |       |    60 ||    60
Invok: Depart the Abyss  |     1 |       |       ||     1
  Use: Scroll            |     5 |     7 |     2 ||    14
       Potion            |       |       |     2 ||     2
  Eat: Chunk             |       |     8 |     7 ||    15
Armor: Scale mail        |    36 |    73 |    49 ||   158
Dodge: Dodged            |    40 |   104 |    78 ||   222
